 Dungeon Crawl Stone Soup version 0.24.0-13-gcf9b319 (webtiles) character file.

Game seed: 14921381392543980952, levelgen mode: deterministic

112 Bronimir the Chiller (level 4, -5/31 HPs)
             Began as a Merfolk Ice Elementalist on Mar 30, 2020.
             Slain by a centaur (6 damage)
             ... on level 4 of the Dungeon.
             The game lasted 00:06:38 (4154 turns).

Bronimir the Chiller (Merfolk Ice Elementalist)     Turns: 4154, Time: 00:06:38

Health: -5/31      AC:  7    Str:  8    XL:     4   Next: 95%
Magic:  1/8        EV: 13    Int: 15    God:
Gold:   188        SH:  0    Dex: 14    Spells: 3/9 levels left

rFire    . . .     SeeInvis +   a - +1 rapier
rCold    . . .     Gourm    .   (no shield)
rNeg     . . .     Faith    .   s - +0 robe
rPois    .         Spirit   .   (no helmet)
rElec    .         Reflect  .   (no cloak)
rCorr    .         Harm     .   (no gloves)
MR       .....                  (no boots)
Stlth    +.........             (no amulet)
HPRegen  0.10/turn              i - ring of see invisible
MPRegen  0.11/turn              n - ring of attention (curse)

@: icy armour, very slightly contaminated
A: change form in water, swift swim, stealthy swim
a: no special abilities


You were on level 4 of the Dungeon.
You were not hungry.

You visited 1 branch of the dungeon, and saw 4 of its levels.

You collected 188 gold pieces.

Inventory:

Hand Weapons
 a - a +1 rapier (weapon)
 b - a -1 dagger
 o - a +0 hand axe
Missiles
 d - 67 bolts
 e - 28 arrows
 g - 66 stones (quivered)
Armour
 h - a +0 leather armour
 s - a +0 robe (worn)
Jewellery
 i - a ring of see invisible (left hand)
 n - a cursed ring of attention (right hand)
Scrolls
 j - a scroll of magic mapping
 k - 3 scrolls of identify
 r - a scroll of enchant armour {unknown}
Potions
 f - 2 potions of berserk rage
 l - a potion of might {unknown}
 m - a potion of brilliance {unknown}
 p - 2 potions of degeneration {unknown}
 q - a potion of curing {unknown}
Comestibles
 c - 5 rations


   Skills:
 + Level 0.5 Fighting
 + Level 0.3 Short Blades
 + Level 3.3 Dodging
 - Level 2.1 Stealth
 * Level 3.1 Spellcasting
 + Level 0.7 Conjurations
 * Level 0.6 Charms
 * Level 4.6 Ice Magic


You had 3 spell levels left.
You knew the following spells:

 Your Spells              Type           Power        Failure   Level  Hunger
a - Freeze                Ice            ###.         3%          1    #......
b - Throw Frost           Conj/Ice       ##....       10%         2    ##.....
c - Ozocubu's Armour      Chrm/Ice       ##......     21%         3    ###....

Your spell library contained the following spells:

 Spells                   Type           Power        Failure   Level  Hunger
 Magic Dart               Conj           #...         14%         1    #......
 Blink                    Tloc           N/A          30%         2    ##.....
 Call Imp                 Summ           #.......     30%         2    ##.....
 Slow                     Hex            #.......     30%         2    ##.....
 Conjure Flame            Conj/Fire      #.......     45%         3    ###....
 Mephitic Cloud           Conj/Pois/Air  #.......     47%         3    ###....
 Throw Icicle             Conj/Ice       ##......     54%         4    #####..
 Summon Ice Beast         Ice/Summ       #.......     58%         4    #####..


Dungeon Overview and Level Annotations

Branches:
Dungeon (4/15)
 Temple: D:4-7

Altars:
Fedhas


Message History

Aim: a centaur (lightly wounded)
You freeze the centaur!
The centaur is heavily wounded.
The centaur misses you.
Casting: Freeze (safe; 3% risk of failure)
Confirm with . or Enter, or press ? or * to list all spells.
Aiming: Freeze (safe; 3% risk of failure)
Press: ? - help, Shift-Dir - straight line, f/p - centaur
Aim: a centaur (heavily wounded)
You freeze the centaur.
The centaur is severely wounded.
The centaur hits you.
* * * LOW HITPOINT WARNING * * *
The centaur hits you but does no damage.
You hit the centaur but do no damage.
The centaur is severely wounded.
The centaur hits you.
* * * LOW HITPOINT WARNING * * *
The centaur hits you.
You die...

... .....##. ...PP
....... .#
..P.PPP...... ...
#.PP_PP.#...##....
#...PP..#..!.......
#.PPP...#..........
.####..#.#...........
.......c(###........#
...$...@.(...>....##
....###(..........#
.. ...
#.(.(.(<.....##... .
##.(..###.....#...
##....#..........
##..###.........
####...........
#..........##.
##....<......#


You could see a centaur.

Vanquished Creatures
  An orc wizard (D:3)
  3 adders
  A dart slug (D:1)
  2 leopard geckos (D:3)
  7 orcs (D:3)
  2 giant cockroaches (D:3)
  A goblin (D:1)
  5 hobgoblins
  7 kobolds
  A quokka (D:3)
  5 ball pythons
  5 bats
  6 frilled lizards
  A leopard gecko skeleton (D:4)
  6 rats
53 creatures vanquished.

Notes
Turn   | Place    | Note
-------+----------+-------------------------------------------
     0 | D:1      | Bronimir the Merfolk Ice Elementalist began the quest for
                  | the Orb.
     0 | D:1      | Reached XP level 1. HP: 13/13 MP: 3/3
   128 | D:1      | Reached XP level 2. HP: 19/19 MP: 1/5
   255 | D:1      | Learned a level 2 spell: Throw Frost
   825 | D:1      | Reached skill level 4 in Ice Magic
  1352 | D:2      | Reached XP level 3. HP: 24/24 MP: 2/6
  2412 | D:3      | Learned a level 3 spell: Ozocubu's Armour
  2595 | D:3      | Reached XP level 4. HP: 30/30 MP: 6/8
  3661 | D:4      | Found a blossoming altar of Fedhas.
  3661 | D:4      | Noticed a centaur
  3774 | D:4      | HP: 1/31 [centaur/arrow (10)]
  4154 | D:4      | HP: 1/31 [centaur (3)]
  4154 | D:4      | Slain by a centaur

Levels and vault maps discovered:
D:1:      dpeg_arrival_orchard, layout_basic
D:2:      layout_loops_ring, first_ration
D:3:      layout_basic
D:4:      layout_cave_pools, fedhas_bush_and_centaur_altar

Skill      XL: |  1  2  3  4 |
---------------+-------------+-----
Ice Magic      | 4 |  4.6
Dodging        | 3 |  3.3
Spellcasting   | 3 |  3.1
Fighting       | |  0.5
Short Blades   | |  0.3
Stealth        | |  2.1
Conjurations   | |  0.7
Charms         | |  0.6

Action                   |  1- 3 |  4- 6 || total
-------------------------+-------+-------++-------
Melee: Dagger            |    62 |       ||    62
       Rapier            |     3 |    33 ||    36
 Cast: Freeze            |    48 |    21 ||    69
       Ozocubu's Armour  |       |     2 ||     2
       Throw Frost       |       |     1 ||     1
  Use: Scroll            |     5 |       ||     5
 Stab: Sleeping          |     1 |       ||     1
  Eat: Chunk             |     6 |     3 ||     9
       Ration            |       |     1 ||     1
Armor: Robe              |    30 |    14 ||    44
Dodge: Dodged            |   114 |    38 ||   152
